 Dungeon Sprint DCSS version 0.21.1-1-g345015f (webtiles) character file.

2800000 equalderp2856 the Intangible (level 21, -3/142 HPs)
             Began as a Spriggan Gladiator on May 3, 2018.
             Slain by a meat berserker
             ... wielding a +9 battleaxe
              (38 damage)
             ... in the Dungeon (Sprint VIII: "Arena of Blood").
             The game lasted 00:01:10 (28 turns).

equalderp2856 the Intangible (Spriggan Gladiator)     Turns: 28, Time: 00:01:10

Health: -3/142     AC:  4    Str: 10    XL:     21   Next: 47%
Magic:  20/53      EV: 40    Int: 17    God:
Gold:   0          SH:  0    Dex: 20    Spells: 74/74 levels left

rFire    . . .     SeeInvis +   l - +∞ Axe of Woe
rCold    . . .     Gourm    .   (shield currently unavailable)
rNeg     . . .     Faith    .   b - +0 robe
rPois    .         Spirit   .   c - +0 hat
rElec    .         Reflect  .   (no cloak)
rCorr    .         Harm     .   (gloves unavailable)
MR       +++..     NoTele   +   (boots unavailable)
Stlth    +++++++++.             (no amulet)
HPRegen  0.33/turn              (no ring)
MPRegen  0.33/turn              (no ring)

@: very quick
A: very small, unfitting armour, see invisible, herbivore, speed 3, slow
metabolism 2
a: no special abilities


You were in the Dungeon.
You were not hungry.

You visited 1 branch

Inventory:

Hand Weapons
 a - a +0 war axe
 l - the +∞ Axe of Woe (weapon)
   (You found it in the Dungeon)
Missiles
 d - 3 throwing nets (quivered)
Armour
 b - a +0 robe (worn)
 c - a +0 hat (worn)
Scrolls
 k - a scroll of blinking
Potions
 e - a potion of curing
 g - a potion of heal wounds
 h - a potion of haste
 i - 2 potions of magic
 j - a potion of berserk rage
Comestibles
 f - a ration


   Skills:
 O Level 27 Fighting
 O Level 27 Axes
 O Level 27 Throwing
 + Level 25.0 Armour
 O Level 27 Dodging
 O Level 27 Stealth
 + Level 26.7 Unarmed Combat
 O Level 27 Spellcasting


You had 74 spell levels left.
You didn't know any spells.

Dungeon Overview and Level Annotations

Branches:
Dungeon (1/1)

Altars:
Makhleb


Innate Abilities, Weirdness & Mutations

You are very small and have problems with some larger weapons.
You are too small for most types of armour.
You have supernaturally acute eyesight. (SInv)
You are a herbivore.
You cover ground extremely quickly.
You need consume almost no food.


Message History

Your Armour skill gained 2 levels and is now at level 22!
Your Unarmed Combat skill gained 2 levels and is now at level 24!
You have reached level 21!
Your experience leads to an increase in your attributes!
Increase (S)trength, (I)ntelligence, or (D)exterity?
You feel clever.
You hit the bag of meat.
You fatally mangle the bag of meat.
You kill the bag of meat!
Your Armour skill increases to level 23!
Your Unarmed Combat skill increases to level 25!
You hit the bag of meat.
You cleave the bag of meat in twain.
You kill the bag of meat!
Your Armour skill increases to level 24!
You slash the bag of meat!
You cleave the bag of meat in twain.
You kill the bag of meat!
Your Armour skill increases to level 25!
Your Unarmed Combat skill increases to level 26!
You hear a shout! x2
The meat berserker hits you with a +9 battleaxe!!!
You die...

# .. . #### ..O o
...##
.##.##.#####.....
O...... .O........
o...o##.##).....o..
......oOoo@)O.oOo...
......o.#)#Oo.....#
..........)).o..###
.................oo.
........))..........
........).).........
..........)O........
..#.......#........
#.....).#........


You could see 2 large bags of meat, 4 meat berserkers and 11 bags of meat.

Vanquished Creatures
  7 ogres (D)
  20 orcs (D)
27 creatures vanquished.

Notes
Turn   | Place    | Note
-------+----------+-------------------------------------------
     0 | D        | Found the +∞ Axe of Woe
     0 | D        | equalderp2856 the Spriggan Gladiator began the quest for the Orb.
     0 | D        | Reached XP level 1. HP: 10/10 MP: 2/2
     3 | D        | Noticed a bag of meat
     5 | D        | Noticed a bag of meat
     5 | D        | Noticed a meat berserker
     6 | D        | Noticed a bag of meat
     6 | D        | Killed a bag of meat
     6 | D        | Reached skill level 15 in Axes
     6 | D        | Reached skill level 10 in Throwing
     6 | D        | Reached XP level 2. HP: 23/23 MP: 3/3
     6 | D        | Reached XP level 3. HP: 26/26 MP: 4/4
     6 | D        | Reached XP level 4. HP: 31/31 MP: 5/5
     6 | D        | Reached XP level 5. HP: 35/35 MP: 6/6
     6 | D        | Reached XP level 6. HP: 39/39 MP: 7/7
     6 | D        | Reached XP level 7. HP: 44/44 MP: 8/8
     6 | D        | Reached XP level 8. HP: 48/48 MP: 9/9
     6 | D        | Reached XP level 9. HP: 52/52 MP: 10/10
     6 | D        | Reached XP level 10. HP: 57/57 MP: 11/11
     6 | D        | Reached XP level 11. HP: 60/60 MP: 12/12
     7 | D        | Noticed a bag of meat
     7 | D        | Killed a bag of meat
     7 | D        | Reached skill level 10 in Fighting
     7 | D        | Reached XP level 12. HP: 67/67 MP: 13/13
     8 | D        | Noticed a bag of meat
     8 | D        | Noticed a bag of meat
     8 | D        | Killed a bag of meat
     8 | D        | Reached skill level 27 in Dodging
     8 | D        | Reached XP level 13. HP: 74/74 MP: 14/14
     9 | D        | Noticed a bag of meat
     9 | D        | Noticed a bag of meat
     9 | D        | Noticed a bag of meat
    10 | D        | Killed a bag of meat
    10 | D        | Reached XP level 14. HP: 81/81 MP: 15/15
    11 | D        | Noticed a bag of meat
    11 | D        | Noticed a bag of meat
    11 | D        | Killed a meat berserker
    11 | D        | Reached skill level 15 in Fighting
    11 | D        | Reached XP level 15. HP: 90/90 MP: 16/16
    13 | D        | Noticed a meat berserker
    16 | D        | Killed a meat berserker
    16 | D        | Reached skill level 27 in Axes
    16 | D        | Reached XP level 16. HP: 76/100 MP: 17/17
    17 | D        | Reached XP level 17. HP: 86/113 MP: 18/18
    18 | D        | Noticed a large bag of meat
    18 | D        | Noticed a meat berserker
    18 | D        | Noticed a meat berserker
    19 | D        | Noticed a meat berserker
    19 | D        | Noticed a large bag of meat
    19 | D        | Noticed a meat berserker
    19 | D        | Noticed a meat berserker
    20 | D        | Noticed a meat berserker
    20 | D        | Noticed a meat berserker
    21 | D        | Noticed a meat berserker
    22 | D        | Reached skill level 27 in Fighting
    22 | D        | Reached skill level 27 in Throwing
    22 | D        | Reached XP level 18. HP: 97/127 MP: 19/19
    24 | D        | Reached skill level 5 in Armour
    25 | D        | Killed a meat berserker
    25 | D        | Reached skill level 10 in Armour
    25 | D        | Reached XP level 19. HP: 31/132 MP: 19/40
    26 | D        | Noticed a meat berserker
    26 | D        | Killed a meat berserker
    26 | D        | Reached skill level 15 in Armour
    26 | D        | Reached skill level 27 in Stealth
    27 | D        | Killed a meat berserker
    27 | D        | Reached XP level 20. HP: 33/137 MP: 19/51
    27 | D        | Killed a meat berserker
    27 | D        | Reached skill level 27 in Spellcasting
    28 | D        | Killed a meat berserker
    28 | D        | Reached XP level 21. HP: 34/142 MP: 19/53
    28 | D        | Slain by a meat berserker

Skill      XL: |  1  2  3  4  5  6  7  8  9 10 11 12 13 14 15 16 17 18 19 20 21 |
---------------+----------------------------------------------------------------+-----
Fighting       | 8 10 11 12 15 18 22 27 | 27.0
Axes           | 15 17 19 21 24 27 | 27.0
Throwing       | 10 11 13 14 16 18 22 27 | 27.0
Dodging        | 23 26 27 | 27.0
Armour         | 11 18 22 25 | 25.0
Stealth        | 20 27 | 27.0
Unarmed Combat | 12 19 24 26 | 26.7
Spellcasting   | 16 26 27 | 27.0

Action                   |  1- 3 |  4- 6 |  7- 9 | 10-12 | 13-15 | 16-18 | 19-21 || total
-------------------------+-------+-------+-------+-------+-------+-------+-------++-------
Melee: Broad axe         |     1 |       |       |     2 |     4 |     4 |     3 ||    14
Dodge: Dodged            |       |       |       |       |     2 |     1 |       ||     3
